 Dungeon Crawl Stone Soup version 0.21.1-1-g345015f (webtiles) character file.

147 Santangelo the Skirmisher (level 5, 0/37 HPs)
             Began as a Demonspawn Abyssal Knight on Feb 5, 2018.
             Was a Believer of Lugonu.
             Killed from afar by an orc wizard (5 damage)
             ... with a magic dart
             ... on level 2 of the Dungeon.
             The game lasted 00:23:28 (2589 turns).

Santangelo the Skirmisher (DsAK)                    Turns: 2589, Time: 00:23:29

Health: 0/37       AC: 13    Str: 14    XL:     5   Next: 8%
Magic:  5/6        EV:  4    Int: 18    God:    Lugonu [**....]
Gold:   173        SH:  0    Dex: 12    Spells: 4/4 levels left

rFire    . . .     SeeInvis .   a - +1 spear
rCold    + . .     Gourm    .   (no shield)
rNeg     . . .     Faith    .   m - +0 plate armour
rPois    .         Spirit   .   (helmet restricted)
rElec    .         Reflect  .   (no cloak)
rCorr    +         Harm     .   (no gloves)
MR       .....                  (no boots)
Stlth    ..........             (no amulet)
HPRegen  0.12/turn              k - ring of resist corrosion
MPRegen  0.10/turn              (no ring)

@: brilliant
A: antennae 1, yellow scales 1, cold resistance 1, frail 1, sense surroundings 1
a: Depart the Abyss, Bend Space, Renounce Religion


You were on level 2 of the Dungeon.
You worshipped Lugonu.
Lugonu was pleased with you.
You were hungry.

You visited 1 branch of the dungeon, and saw 3 of its levels.
You visited the Abyss 1 time.

You collected 173 gold pieces.

Inventory:

Hand Weapons
 a - a +1 spear (weapon)
Armour
 m - a +0 plate armour (worn)
Jewellery
 k - a ring of resist corrosion (left hand)
Scrolls
 d - a scroll of identify
Potions
 i - a potion of brilliance
Comestibles
 c - 5 rations
 f - 11 chunks of flesh


   Skills:
 + Level 3.7 Fighting
 + Level 3.3 Polearms
 + Level 2.8 Armour
 + Level 1.4 Dodging
 - Level 0.1 Stealth
 + Level 2.6 Invocations


You had 4 spell levels left.
You didn't know any spells.

Dungeon Overview and Level Annotations

Branches:
Dungeon (3/15)

Altars:


Innate Abilities, Weirdness & Mutations

You have a pair of small antennae on your head.
You are partially covered in yellow scales. (AC +2)
Your flesh is cold resistant. (rC+)
You are frail. (-10% HP)
You passively map a small area around you.


Message History

The orc wizard hits you but does no damage.
Something hits you but does no damage.
There is a stone staircase leading up here.
You fail to use your ability.
The orc wizard hits you with a dagger.
* * * LOW HITPOINT WARNING * * *
Something hits you but does no damage.
You can't go down here!
The orc wizard points at you and mumbles some strange words.
The puff of flame hits you! Something hits you but does no damage.
The orc priest miscasts a cantrip.
The orc wizard hits you but does no damage.
Something hits you but does no damage.
You climb upwards.
There is a stone staircase leading down here.
Space bends around you!
You blink.
An orc wizard appears from thin air!
Reactivating autopickup.
The orc wizard gestures at you while chanting.
The magic dart hits you!
You die...

#########.########.#.##.#.#
................>#.#.##.#.#
##.######.######.#.#.##.#.#
##.######.#<..##.#.#.##.#.#
......)...#.#.##o#)#.##.#.#
........).#.#.##o#.#.#..#.#
..........#.#.##.#(#.#.##.#
.........##.#.##.#.#.#.##.#
#........##.#...@.(..#.##.#
####....###.####.#.###.##.#
#....# #.# #.#...#.##.#
#....# #.# #.###.#.##.#
#....# #.# #.###.#.##.#
#....# #.# #.....#....#
###### #.# ############
##########.# ##........#.#


You could see 2 orc wizards.

Vanquished Creatures
  An orc wizard (D:3)
  An orc priest (D:3)
  2 adders
  An ooze (D:1)
  2 worms (D:2)
  4 dart slugs
  A leopard gecko (D:1)
  4 orcs (D:3)
  A ball python (D:3)
  2 giant cockroaches (D:2)
  7 goblins
  7 hobgoblins
  4 kobolds
  7 bats
  3 frilled lizards (D:1)
  5 rats
52 creatures vanquished.

Notes
Turn   | Place    | Note
-------+----------+-------------------------------------------
     0 | Abyss:1  | Santangelo the Demonspawn Abyssal Knight began the quest for the Orb.
     0 | Abyss:1  | Reached XP level 1. HP: 18/18 MP: 2/2
     1 | D:1      | Escaped the Abyss
    97 | D:1      | Reached * piety under Lugonu
    97 | D:1      | Gained mutation: You have a pair of small antennae on your head. [demonic ancestry]
    97 | D:1      | Reached XP level 2. HP: 24/24 MP: 3/3
   608 | D:1      | Reached skill level 1 in Dodging
   632 | D:1      | Reached XP level 3. HP: 26/29 MP: 4/4
  1854 | D:3      | Gained mutation: Your flesh is cold resistant. (rC+) [demonic ancestry]
  1854 | D:3      | Reached XP level 4. HP: 31/35 MP: 5/5
  2061 | D:3      | Reached ** piety under Lugonu
  2436 | D:3      | Gained mutation: You are partially covered in yellow scales. (AC +2) [demonic ancestry]
  2436 | D:3      | Reached XP level 5. HP: 37/42 MP: 6/6
  2479 | D:3      | Gained mutation: Your spells are a little harder to cast, but a little more powerful. [potion of mutation]
  2479 | D:3      | Lost mutation: Your spells are a little harder to cast, but a little more powerful. [potion of mutation]
  2479 | D:3      | Gained mutation: You are frail. (-10% HP) [potion of mutation]
  2479 | D:3      | Gained mutation: You passively map a small area around you. [potion of mutation]
  2589 | D:2      | Killed from afar by an orc wizard

Skill      XL: |  1  2  3  4 |
---------------+-------------+-----
Armour         | 2 |  2.8
Polearms       | 2 3 |  3.3
Dodging        | 1 |  1.4
Fighting       | |  3.7
Stealth        | |  0.1
Invocations    | |  2.6

Action                   |  1- 3 |  4- 6 || total
-------------------------+-------+-------++-------
Melee: Spear             |   161 |    79 ||   240
Invok: Depart the Abyss  |     1 |       ||     1
       Bend Space        |       |     2 ||     2
  Use: Scroll            |     5 |     2 ||     7
       Potion            |       |     5 ||     5
  Eat: Chunk             |     3 |     2 ||     5
Armor: Leather armour    |     3 |       ||     3
       Ring mail         |    37 |       ||    37
       Plate armour      |    21 |    68 ||    89
Dodge: Dodged            |    51 |    16 ||    67
